 Dungeon Crawl Stone Soup version 0.20-a0-892-gbf43aa3 (webtiles) character file.

2741 Foodle the Quickloader (level 9, 0/67 HPs)
             Began as a Demigod Wanderer on Mar 16, 2017.
             Slain by an orc warrior
             ... wielding a +0 glaive
              (19 damage)
             ... on level 8 of the Dungeon on Mar 17, 2017.
             The game lasted 00:33:02 (5956 turns).

Foodle the Quickloader (Demigod Wanderer)           Turns: 5956, Time: 00:33:02

Health: 0/67       AC: 14    Str: 17    XL:     9   Next: 18%
Magic:  11/11      EV:  5    Int: 17    God:
Gold:   282        SH: 10    Dex: 18    Spells: 8/8 levels left

rFire    x . .     SeeInvis .   B - +2 hand axe (elec)
rCold    + . .     Gourm    .   t - +0 plate armour
rNeg     . . .     Faith    .   j - +0 buckler
rPois    .         Spirit   .   h - +2 helmet
rElec    .         Reflect  +   (no cloak)
rCorr    .         Harm     .   (no gloves)
MR       .....                  (no boots)
Stlth    ..........             p - +4 amulet of reflection
Regen    0.3/turn               (no ring)
MPRegen  0.2/turn               y - ring of ice

@: no status effects
A: high mp 1
a: no special abilities


You were on level 8 of the Dungeon.
You were not hungry.

You visited 1 branch of the dungeon, and saw 8 of its levels.

You collected 282 gold pieces.

Inventory:

Hand Weapons
 a - a +3 hand crossbow
 B - a +2 hand axe of electrocution (weapon)
Missiles
 C - 17 bolts
Armour
 d - a +0 robe of fire resistance
 h - a +2 helmet (worn)
 j - a +0 buckler (worn)
 q - a +0 ring mail
 t - a +0 plate armour (worn)
 D - a +0 large shield
Jewellery
 p - a +4 amulet of reflection (around neck)
 y - a ring of ice (left hand)
 E - an uncursed amulet of rage
Wands
 b - a wand of confusion (34/48)
 w - a wand of paralysis (12/24)
 z - a wand of iceblast (6/15)
Scrolls
 g - a scroll of magic mapping
 l - 5 scrolls of remove curse
 n - a scroll of brand weapon {unknown}
 v - a scroll of immolation {unknown}
 x - a scroll of amnesia
 G - a scroll of enchant weapon
Potions
 c - 2 potions of lignification
 e - 2 potions of curing {unknown}
 i - a potion of ambrosia {unknown}
 k - 5 potions of flight
 o - a potion of heal wounds {unknown}
 r - 2 potions of invisibility
 s - a potion of mutation {unknown}
 u - a potion of magic {unknown}
 F - a potion of brilliance {unknown}
Books
 H - a book of Frost

   Spells                             Type                      Level
   a - Freeze                         Ice                          1
   b - Throw Frost                    Conjuration/Ice              2
   c - Ozocubu's Armour               Charms/Ice                   3
   d - Throw Icicle                   Conjuration/Ice              4
   e - Summon Ice Beast               Ice/Summoning                4
Comestibles
 f - a bread ration
 m - a meat ration
 A - a royal jelly


   Skills:
 - Level 2.0 Fighting
 - Level 3.3 Axes
   Level 1.7 Bows
 + Level 9.4 Crossbows
 - Level 1.0 Throwing
 - Level 2.6 Armour
 - Level 1.0 Stealth
 - Level 6.1 Shields


You had 8 spell levels left.
You didn't know any spells.

Dungeon Overview and Level Annotations

Branches:
Dungeon (8/15)             Temple (0/1) D:5
   Lair: D:8-11

Shops:
D:5 }


Innate Abilities, Weirdness & Mutations

You have an increased reservoir of magic. (+10% MP)


Message History

The orc wizard hits you but does no damage.
The orc warrior hits you from afar with a glaive.
You slash the orc wizard!
You kill the orc wizard!
You hit the adder skeleton.
The adder skeleton bites you but does no damage.
You block the orc warrior's attack.
The adder skeleton bites you but does no damage.
Items here: ( ) [ † a dagger; a robe; a bolt; an orc corpse You hit the adder skeleton.
The adder skeleton is almost destroyed.
The adder skeleton bites you but does no damage.
The orc warrior completely misses you. You block the adder skeleton's attack.
You hit the adder skeleton.
You destroy the adder skeleton!
The orc warrior hits you from afar with a glaive!
* * * LOW HITPOINT WARNING * * *
The orc warrior hits you with a glaive!!
You die...

........##.......##
#...(.....[.<....# #
#.....#..⌠.....⌠.#
#.##................#
.......)......⌠.⌠....#
#......<..........#
#..?o....⌠.....⌠..#
####o#(#....<.....#
#.@.####.......#.#
#.### ##.....##.. #.#
####### #.# #.# #.#
... #.#


You could see an orc warrior and an orc.

Vanquished Creatures
  Pikel (D:6)
  The ghost of BrendanD the Skirmisher, an amateur DsBe of Trog (D:4)
  Menkaure (D:6)
  An ice beast (D:7)
  A slave (D:6)
  A sky beast (D:5)
  2 orc warriors
  2 ogres
  A centaur (D:7)
  3 bullfrogs
  A scorpion (D:7)
  4 killer bees (D:7)
  4 crimson imps
  A bullfrog zombie (D:7)
  A quasit (D:5)
  2 hounds (D:4)
  A jelly (D:7)
  4 orc priests
  8 orc wizards
  Jessica (D:2)
  An iguana (D:6)
  3 worker ants
  3 hound zombies
  7 adders
  An adder skeleton (D:8)
  A worm (D:2)
  A dart slug (D:1)
  7 leopard geckos
  20 orcs
  5 giant cockroaches
  4 goblins
  9 hobgoblins
  7 jackals
  5 kobolds
  2 quokkas
  A ball python (D:4)
  7 bats
  8 frilled lizards
  A leopard gecko zombie (D:7)
  5 rats
139 creatures vanquished.

Notes
Turn   | Place    | Note
-------+----------+-------------------------------------------
     0 | D:1      | Foodle the Demigod Wanderer began the quest for the Orb.
     0 | D:1      | Foodle set off with: a +2 hand crossbow, 25 bolts, 2 potions of lignification, a +0 robe, a bread ration
     0 | D:1      | Reached XP level 1. HP: 16/16 MP: 3/3
   367 | D:1      | Reached XP level 2. HP: 24/24 MP: 4/4
   421 | D:1      | Reached skill level 2 in Crossbows
  1019 | D:2      | Noticed Jessica
  1027 | D:2      | Killed Jessica
  1027 | D:2      | Reached skill level 1 in Shields
  1027 | D:2      | Reached XP level 3. HP: 29/29 MP: 5/5
  1385 | D:2      | Reached XP level 4. HP: 36/36 MP: 6/6
  2191 | D:4      | Reached XP level 5. HP: 24/41 MP: 7/7
  2378 | D:4      | Noticed BrendanD's ghost (amateur DsBe)
  2414 | D:4      | Killed BrendanD's ghost
  2414 | D:4      | Reached skill level 5 in Shields
  2414 | D:4      | Reached XP level 6. HP: 48/48 MP: 8/8
  3110 | D:5      | Entered Level 5 of the Dungeon
  3146 | D:5      | Reached skill level 3 in Crossbows
  3146 | D:5      | Reached XP level 7. HP: 46/55 MP: 9/9
  3186 | D:5      | Found Ibyoripn's Gadget Shop.
  3200 | D:5      | Reached skill level 4 in Crossbows
  3401 | D:5      | Found a staircase to the Ecumenical Temple.
  3814 | D:6      | Reached skill level 5 in Crossbows
  4167 | D:6      | Reached skill level 6 in Crossbows
  4179 | D:6      | Noticed Menkaure
  4185 | D:6      | Killed Menkaure
  4185 | D:6      | Reached XP level 8. HP: 58/61 MP: 10/10
  4336 | D:6      | Noticed Pikel
  4350 | D:6      | Killed Pikel
  4350 | D:6      | Reached skill level 8 in Crossbows
  5025 | D:7      | Reached skill level 9 in Crossbows
  5070 | D:7      | Reached skill level 1 in Axes
  5203 | D:7      | Reached XP level 9. HP: 34/67 MP: 11/11
  5220 | D:7      | HP: 3/67 [poisoned by a killer bee]
  5226 | D:7      | HP: 2/67 [poisoned by a killer bee]
  5234 | D:7      | HP: 2/67 [poisoned by a killer bee]
  5956 | D:8      | Slain by an orc warrior

Vault maps used:
D:1:      minmay_arrival_cross, corexii_item_surrounded_by_moat
D:2:      kennysheep_generic_room_15, uniq_jessica
D:3:      dk_noncrumbling_2
D:5:      temple_pool_b, serial_shops, shop, first_bread
D:6:      uniq_pikel, uniq_menkaure
D:8:      grunt_ministairs_10, uniq_erica

Skill      XL: |  1  2  3  4  5  6  7  8  9 |
---------------+----------------------------+-----
Fighting       | 2 |  2.0
Crossbows      | 2 3 6 9 |  9.4
Shields        | 1 2 3 5 6 |  6.1
Axes           | 2 3 |  3.3
Bows           | |  1.7
Throwing       | |  1.0
Armour         | |  2.6
Stealth        | |  1.0

Action                   |  1- 3 |  4- 6 |  7- 9 || total
-------------------------+-------+-------+-------++-------
Melee: Unarmed           |       |    13 |    14 ||    27
       Hand axe          |       |       |    73 ||    73
       Hand crossbow     |       |       |     1 ||     1
 Fire: Hand crossbow     |    64 |   156 |   160 ||   380
  Use: Scroll            |     4 |     7 |     3 ||    14
       Potion            |       |     1 |     2 ||     3
  Eat: Bread ration      |     1 |     1 |     1 ||     3
       Royal jelly       |       |       |     1 ||     1
Armor: Ring mail         |     3 |    10 |       ||    13
       Plate armour      |       |    34 |   114 ||   148
       Skin              |       |     8 |     7 ||    15
Dodge: Dodged            |     7 |    14 |    38 ||    59
Block: Buckler           |     6 |    51 |   105 ||   162
       Reflection        |       |     1 |     2 ||     3
